[Event "Titled Tuesday Blitz June 21 Late 2022"]
[White "Mikhalsky, Vladimir"]
[Black "Lopez Perdomo, Juan David"]
[WhiteFideId "14144352"]
[BlackFideId "4405137"]
[WhiteElo "2301"]
[BlackElo "1997"]
[Result "0-1"]
[Round "09"]
[TimeControl "180+1"]
[Date "2022.06.22"]
[WhiteClock "0:00:39"]
[BlackClock "0:00:08"]

1. e4 e6 2. d3 d5 3. Nd2 Nf6 4. g3 c5 5. Bg2 Nc6 6. Ngf3 Bd6 7. O-O O-O 8. Re1 Qc7 9. c3 b5 10. Qe2 Nd7 11. a4 b4 12. c4 Bb7 13. b3 Nde5 14. Bb2 Nxf3+ 15. Nxf3 dxe4 16. dxe4 Ne5 17. Rad1 Nxf3+ 18. Qxf3 Be5 19. Bxe5 Qxe5 20. Rd7 Bc6 21. Rd2 Rad8 22. Red1 Rxd2 23. Rxd2 f5 24. Qe3 Qa1+ 25. Bf1 fxe4 26. Rd6 Ba8 27. Rxe6 Qd4 28. Qxd4 cxd4 29. Bg2 Rd8 30. Bxe4 Bxe4 31. Rxe4 d3 32. Re1 a5 33. Rd1 Kf7 34. Rd2 Kf6 35. c5 Ke5 36. c6 Kd4 37. Kf1 Rc8 38. f4 Ke3 39. Rd1 Rxc6 40. Re1+ Kf3 41. Rd1 Ke3 42. Re1+ Kd2 43. g4 Rc1 44. Rxc1 Kxc1 45. f5 d2 46. g5 d1=Q+ 0-1


[Site "https://www.chess.com"]

[Event "Titled Tuesday Blitz June 21 Late 2022"]
[White "Mortazavi, Ali"]
[Black "Svicevic, Rastko"]
[WhiteFideId "401323"]
[BlackFideId "916315"]
[WhiteElo "2339"]
[BlackElo "2049"]
[Result "1-0"]
[Round "09"]
[TimeControl "180+1"]
[Date "2022.06.22"]
[WhiteClock "0:00:38"]
[BlackClock "0:00:01"]

1. Nf3 d5 2. g3 c6 3. Bg2 g6 4. O-O Bg7 5. d3 e5 6. Nbd2 Ne7 7. e4 O-O 8. Re1 Qc7 9. exd5 cxd5 10. c4 Nbc6 11. a3 Rd8 12. Rb1 Bf5 13. cxd5 Rxd5 14. Ne4 Rad8 15. Bf1 Bxe4 16. Rxe4 f5 17. Rc4 e4 18. Ne1 Qd7 19. b4 Ne5 20. Qb3 Nxc4 21. dxc4 Rd1 22. c5+ Kh8 23. Bg5 Rxb1 24. Qxb1 h6 25. Bxe7 Qxe7 26. Nc2 Rd2 27. Ne3 Qd7 28. b5 Bd4 29. c6 bxc6 30. bxc6 Qxc6 31. Qb8+ Kh7 32. Bc4 h5 33. Qg8+ Kh6 34. Qf8+ Bg7 35. Qe7 Rd7 36. Qh4 Qf6 37. Qf4+ g5 38. Nxf5+ 1-0


[Site "https://www.chess.com"]

[Event "Titled Tuesday Blitz June 21 Late 2022"]
[White "Murzin, Volodar"]
[Black "Le, Tuan Minh"]
[WhiteFideId "44155573"]
[BlackFideId "12401153"]
[WhiteElo "2585"]
[BlackElo "2530"]
[Result "0-1"]
[Round "09"]
[TimeControl "180+1"]
[Date "2022.06.21"]
[WhiteClock "0:00:03"]
[BlackClock "0:00:37"]

1. e4 c5 2. Nf3 Nf6 3. e5 Nd5 4. Nc3 e6 5. Nxd5 exd5 6. d4 Nc6 7. c3 d6 8. Bb5 cxd4 9. Qxd4 a6 10. Bxc6+ bxc6 11. exd6 Qxd6 12. O-O c5 13. Re1+ Be6 14. Qd1 Be7 15. Bg5 f6 16. Bf4 Qd7 17. Qe2 Kf7 18. Rad1 Rhe8 19. h3 Bf8 20. Qd3 Kg8 21. Bg3 Bf7 22. b3 a5 23. Nd2 a4 24. Nf1 axb3 25. axb3 Qb7 26. Rxe8 Rxe8 27. Ne3 Rd8 28. Qc2 d4 29. cxd4 cxd4 30. Nc4 Bb4 31. Qd3 Bg6 32. Qe2 d3 33. Qg4 Qd7 34. Qf3 h5 35. Ne3 Kh7 36. h4 d2 37. Nc4 Qd3 38. Bf4 Qxf3 39. gxf3 Bc2 40. Rxd2 Bxd2 41. Nxd2 Rd4 42. Be3 Rxh4 43. Bc5 Rf4 44. b4 Rf5 45. Kg2 Rd5 46. Nc4 Bd3 47. Ne3 Rd7 48. Kg3 g5 49. f4 h4+ 50. Kh3 Kg6 51. fxg5 fxg5 52. Kg2 Rf7 53. Ng4 Be4+ 54. Kg1 Rf4 55. Ne5+ Kh5 56. Be3 Rf5 57. Nc4 Rd5 58. Nd2 Bf5 59. Kg2 g4 60. Nc4 Be4+ 61. Kh2 Rd1 62. f3 Bxf3 63. Bf2 Rh1# 0-1


[Site "https://www.chess.com"]

[Event "Titled Tuesday Blitz June 21 Late 2022"]
[White "Nilsson, Joakim"]
[Black "Lopez Gracia, Fernando"]
[WhiteFideId "1723383"]
[BlackFideId "2207184"]
[WhiteElo "2210"]
[BlackElo "2467"]
[Result "1-0"]
[Round "09"]
[TimeControl "180+1"]
[Date "2022.06.22"]
[WhiteClock "0:00:43"]
[BlackClock "0:00:48"]

1. d4 Nf6 2. Nc3 d5 3. Bf4 e6 4. e3 Be7 5. Bd3 c5 6. Nb5 Na6 7. c3 O-O 8. Nf3 Bd7 9. a4 Bc6 10. Ne5 Ne4 11. f3 Nd6 12. Nxd6 Bxd6 13. Nxc6 bxc6 14. Bxd6 Qxd6 15. Bxa6 c4 16. b4 c5 17. b5 cxd4 18. exd4 Rae8 19. O-O e5 20. dxe5 Rxe5 21. Qd4 Rfe8 22. Rad1 Re2 23. Qxd5 Qxd5 24. Rxd5 g6 25. g3 Ra2 26. Rf2 Rxa4 27. Rd7 Re3 28. Rxa7 Rxc3 29. b6 Kg7 30. Rd2 Rb3 31. Rdd7 Rb2 32. Rxf7+ Kg8 33. Rg7+ Kh8 34. Rxh7+ Kg8 35. Bxc4+ Rxc4 36. Rhc7 Rd4 37. Rc8+ 1-0


[Site "https://www.chess.com"]

[Event "Titled Tuesday Blitz June 21 Late 2022"]
[White "Oro, Luis"]
[Black "Aldokhin, Ivan"]
[WhiteFideId "104094"]
[BlackFideId "24115720"]
[WhiteElo "2362"]
[BlackElo "2231"]
[Result "1/2-1/2"]
[Round "09"]
[TimeControl "180+1"]
[Date "2022.06.22"]
[WhiteClock "0:00:12"]
[BlackClock "0:00:03"]

1. e4 e6 2. d4 d5 3. e5 b6 4. Nf3 Qd7 5. Bd3 Ba6 6. Bxa6 Nxa6 7. O-O c5 8. c3 Nb8 9. Re1 Nc6 10. Nbd2 cxd4 11. cxd4 Rc8 12. a3 Nge7 13. Nf1 Nf5 14. Ng3 Nxg3 15. hxg3 Be7 16. Qd3 h6 17. Bf4 Na5 18. Rac1 O-O 19. Nd2 Rxc1 20. Rxc1 Rc8 21. Rxc8+ Qxc8 22. Qb5 Nc6 23. Be3 Qb7 24. f4 a6 25. Qd3 Qc8 26. Nf3 Na5 27. Nd2 b5 28. g4 b4 29. axb4 Bxb4 30. f5 Bxd2 31. Bxd2 Nc4 32. Bc1 Nxe5 33. dxe5 Qxc1+ 34. Kh2 Qxb2 35. Qxa6 Qxe5+ 36. Kh3 exf5 37. Qc8+ Kh7 38. gxf5 d4 39. Qd7 Qe3+ 40. g3 d3 41. Qxf7 Qg5 42. Qd7 d2 43. Kg2 Qe3 44. Kh3 Qe2 45. Qf7 Qf1+ 46. Kh2 Qe2+ 47. Kh3 Qf1+ 48. Kh2 Qf2+ 49. Kh3 Qf1+ 1/2-1/2


[Site "https://www.chess.com"]

[Event "Titled Tuesday Blitz June 21 Late 2022"]
[White "Pakleza, Zbigniew"]
[Black "Zlatin, Alexander"]
[WhiteFideId "1119290"]
[BlackFideId "2810549"]
[WhiteElo "2467"]
[BlackElo "2228"]
[Result "1-0"]
[Round "09"]
[TimeControl "180+1"]
[Date "2022.06.21"]
[WhiteClock "0:00:03"]
[BlackClock "0:00:02"]

1. d4 d5 2. Bf4 e6 3. e3 Bd6 4. Bg3 Nf6 5. Nd2 c5 6. Ngf3 Nc6 7. c3 O-O 8. Bd3 Re8 9. Ne5 Ne7 10. f4 Nf5 11. Bf2 Be7 12. Qf3 b6 13. g4 Nd6 14. Nc6 Qc7 15. Nxe7+ Qxe7 16. Bh4 cxd4 17. exd4 Bb7 18. O-O Nde4 19. Bxe4 dxe4 20. Qe2 e3 21. Bxf6 Qxf6 22. Qxe3 Qg6 23. h3 h5 24. g5 f6 25. Nf3 fxg5 26. Nxg5 Qf5 27. Rae1 Bd5 28. b3 b5 29. Rf2 Rac8 30. Kh2 a5 31. Rg1 a4 32. bxa4 bxa4 33. a3 Rb8 34. Qe2 g6 35. c4 Bc6 36. Qe5 Rb3 37. Qxf5 exf5 38. d5 Bd7 39. Nf3 Rxa3 40. Ne5 Bc8 41. Rxg6+ Kh7 42. Rc6 Rg8 43. Rc7+ Kh6 44. Nf7+ Kg7 45. Rg2+ Kf6 46. Rxg8 Ra2+ 47. Rg2 Ra1 48. Ne5 h4 49. Rxc8 a3 50. Rc6+ Ke7 51. Rg7+ Kf8 52. Rf7+ Ke8 53. Ra6 Ra2+ 54. Kg1 Ra1+ 55. Kf2 a2 56. Ra8# 1-0


[Site "https://www.chess.com"]

[Event "Titled Tuesday Blitz June 21 Late 2022"]
[White "Papp, Levente"]
[Black "Levine, Joseph"]
[WhiteFideId "751243"]
[BlackFideId "30940346"]
[WhiteElo "2308"]
[BlackElo "1802"]
[Result "1-0"]
[Round "09"]
[TimeControl "180+1"]
[Date "2022.06.21"]
[WhiteClock "0:00:21"]
[BlackClock "0:00:03"]

1. Nf3 d5 2. g3 Nf6 3. Bg2 g6 4. O-O Bg7 5. c4 c6 6. cxd5 cxd5 7. d4 O-O 8. Nc3 Nc6 9. Ne5 Be6 10. Bf4 Rc8 11. Nxc6 Rxc6 12. Be5 Qd7 13. Rc1 Rd8 14. Re1 Ne8 15. Bxg7 Kxg7 16. Qd2 Nf6 17. b3 Rdc8 18. Na4 Rxc1 19. Rxc1 Rxc1+ 20. Qxc1 b6 21. Nb2 Bh3 22. Bh1 h5 23. Nd3 Bf5 24. Ne5 Qb5 25. Bf3 Be4 26. Qc7 Kf8 27. Qb8+ Ne8 28. Qxa7 Bxf3 29. exf3 Nf6 30. Qb8+ Ne8 31. Qd8 f6 32. Nd7+ Kf7 33. Nxb6 e6 34. Qd7+ Qxd7 35. Nxd7 Nd6 36. a4 Ke7 37. Nc5 e5 38. dxe5 fxe5 39. Kf1 Nf5 40. a5 Kd6 41. a6 Kc6 42. a7 1-0


[Site "https://www.chess.com"]

[Event "Titled Tuesday Blitz June 21 Late 2022"]
[White "Pappelis, Dimitrios"]
[Black "Bachmann, Axel"]
[WhiteFideId "4215281"]
[BlackFideId "3700488"]
[WhiteElo "1998"]
[BlackElo "2587"]
[Result "0-1"]
[Round "09"]
[TimeControl "180+1"]
[Date "2022.06.22"]
[WhiteClock "0:00:16"]
[BlackClock "0:01:22"]

1. e4 c6 2. d4 d5 3. exd5 cxd5 4. c4 Nf6 5. Nc3 Nc6 6. Nf3 Bg4 7. cxd5 Nxd5 8. Qb3 Bxf3 9. gxf3 e6 10. Qxb7 Nxd4 11. Bb5+ Nxb5 12. Qc6+ Ke7 13. Qxb5 Qd7 14. Nxd5+ Qxd5 15. Bg5+ f6 16. Qxd5 exd5 17. Be3 Ke6 18. O-O-O Bb4 19. a3 Rac8+ 20. Kb1 Bc5 21. Rhe1 Bxe3 22. Rxe3+ Kf5 23. Rxd5+ Kg6 24. Re7 Rc4 25. Rxa7 Rh4 26. Rdd7 Rg8 27. Rac7 Rxh2 28. Rc2 h5 29. b4 h4 30. b5 h3 31. Rd1 Rg2 32. a4 h2 33. Rh1 Ra8 34. Kb2 Rxa4 35. Kb3 Rh4 36. b6 Rg1 37. b7 Rxh1 38. b8=Q Rb1+ 39. Rb2 Rxb2+ 40. Kxb2 h1=Q 41. Qe8+ Kh7 0-1


[Site "https://www.chess.com"]

[Event "Titled Tuesday Blitz June 21 Late 2022"]
[White "Paravyan, David"]
[Black "Clarke, Brandon G I"]
[WhiteFideId "4194985"]
[BlackFideId "400319"]
[WhiteElo "2569"]
[BlackElo "2414"]
[Result "1/2-1/2"]
[Round "09"]
[TimeControl "180+1"]
[Date "2022.06.21"]
[WhiteClock "0:00:07"]
[BlackClock "0:00:04"]

1. e4 e6 2. d4 d5 3. Nc3 Nf6 4. Bg5 dxe4 5. Nxe4 Be7 6. Nxf6+ Bxf6 7. Bxf6 Qxf6 8. Nf3 O-O 9. Qd3 Rd8 10. O-O-O c5 11. Qe4 Nc6 12. Bd3 Qh6+ 13. Kb1 Nxd4 14. c3 Nc6 15. h4 Bd7 16. Ng5 Be8 17. Qf4 Qf6 18. Bxh7+ Kh8 19. Qe3 Qe5 20. Be4 f5 21. Rxd8 Rxd8 22. Bxc6 Qxe3 23. fxe3 bxc6 24. Kc2 e5 25. Nf3 e4 26. Ne5 Rd5 27. Nc4 Bh5 28. Re1 Kg8 29. Na5 Rd6 30. g3 Kf7 31. Nb7 Rg6 32. Rg1 c4 33. b3 Be2 34. Na5 Bd3+ 35. Kd2 cxb3 36. axb3 c5 37. b4 cxb4 38. cxb4 Rb6 39. Kc3 Ke7 40. g4 Rg6 41. g5 Rd6 42. Nb3 Rc6+ 43. Nc5 a5 44. Ra1 axb4+ 45. Kxb4 Kd6 46. Nxd3 exd3 47. Rd1 Ke5 48. Rxd3 Rc7 49. Rd4 g6 50. Kb3 Rh7 51. Kc3 Rc7+ 52. Kd3 Ra7 53. Ke2 Rh7 54. Kf3 Rg7 55. Ra4 Rh7 56. Kg3 Re7 57. Ra6 Rg7 58. Kf3 Rg8 59. Rf6 Rg7 60. Kg3 Rg8 61. Rc6 Ke4 62. Re6+ Kd5 63. Re7 Kd6 64. Ra7 Ke5 65. Kf3 Rh8 66. Ra5+ Ke6 67. Ra6+ Ke5 68. Kg3 Rg8 69. Rc6 Ke4 70. Re6+ Kd5 71. Re7 Kd6 72. Rb7 Ke5 73. Rb4 Rh8 74. Kf3 Rh7 75. Rb5+ Ke6 76. Rb6+ Ke5 77. Rxg6 Rxh4 78. Rh6 Rg4 79. Rg6 Rg1 80. Kf2 Rg4 81. Ke2 Ke4 82. Kf2 f4 83. Re6+ Kf5 84. Re8 fxe3+ 85. Kxe3 Rxg5 86. Kd4 Kg6 87. Ke4 Rg4+ 88. Kd5 Ra4 89. Rc8 Ra5+ 90. Rc5 Rxc5+ 91. Kxc5 1/2-1/2


[Site "https://www.chess.com"]

[Event "Titled Tuesday Blitz June 21 Late 2022"]
[White "Peatman, Carter"]
[Black "Romanchuk, Viktor"]
[WhiteFideId "2096480"]
[BlackFideId "14109271"]
[WhiteElo "2478"]
[BlackElo "2242"]
[Result "1-0"]
[Round "09"]
[TimeControl "180+1"]
[Date "2022.06.22"]
[WhiteClock "0:00:09"]
[BlackClock "0:00:06"]

1. d4 d5 2. Bf4 Nf6 3. e3 c5 4. dxc5 e6 5. b4 a5 6. c3 axb4 7. cxb4 b6 8. Bxb8 Rxb8 9. Bb5+ Ke7 10. c6 Qd6 11. a3 g6 12. Nd2 Bg7 13. Rc1 Ra8 14. Qb3 Ba6 15. Bxa6 Rxa6 16. Ngf3 Rha8 17. Nb1 b5 18. Nd4 Rb6 19. Nc3 e5 20. Ncxb5 Qb8 21. c7 Qb7 22. a4 exd4 23. Nxd4 Rc8 24. Qc2 Ne4 25. b5 Bxd4 26. exd4 Kf6 27. O-O Kg7 28. Rfe1 Nd6 29. Qc5 Nc4 30. Re7 Re6 31. Rxe6 fxe6 32. Qe7+ Kh6 33. Rc3 g5 34. Qf6+ Kh5 35. Rh3+ Kg4 36. Qf3# 1-0


[Site "https://www.chess.com"]

[Event "Titled Tuesday Blitz June 21 Late 2022"]
[White "Prieto Aranguren, Alain"]
[Black "Adewumi, Tanitoluwa"]
[WhiteFideId "2268906"]
[BlackFideId "30966396"]
[WhiteElo "2224"]
[BlackElo "2539"]
[Result "0-1"]
[Round "09"]
[TimeControl "180+1"]
[Date "2022.06.22"]
[WhiteClock "0:00:02"]
[BlackClock "0:00:52"]

1. d4 Nf6 2. c4 e6 3. Nf3 b6 4. g3 Bb7 5. Bg2 Be7 6. O-O O-O 7. d5 exd5 8. Nh4 c6 9. cxd5 Nxd5 10. Nf5 Nc7 11. Nc3 d5 12. e4 Bf6 13. exd5 cxd5 14. Be3 Nc6 15. Nxd5 Nxd5 16. Bxd5 Qd7 17. Be4 Qe6 18. Qb1 Rae8 19. Bg2 Bc8 20. g4 Ne5 21. h3 Ng6 22. Bd4 Bxd4 23. Nxd4 Qf6 24. Nf3 Nf4 25. Qc2 Bb7 26. Ne1 Nxg2 27. Nxg2 Qf3 0-1


[Site "https://www.chess.com"]

[Event "Titled Tuesday Blitz June 21 Late 2022"]
[White "Prydun, Andriy"]
[Black "Needleman, Alejandro"]
[WhiteFideId "14145898"]
[BlackFideId "100730"]
[WhiteElo "2063"]
[BlackElo "2308"]
[Result "0-1"]
[Round "09"]
[TimeControl "180+1"]
[Date "2022.06.22"]
[WhiteClock "0:01:26"]
[BlackClock "0:02:30"]

1. d4 c5 2. d5 Nf6 3. c4 b5 4. cxb5 a6 5. e3 g6 6. Nc3 Bg7 7. f3 O-O 8. Bd2 d6 9. a4 e6 10. dxe6 Bxe6 11. Nge2 d5 12. Nf4 Re8 13. bxa6 d4 14. Nb5 Nxa6 15. Be2 dxe3 16. Bxe3 Nd5 17. Nxe6 Rxe6 18. Bc4 Rxe3+ 19. Kf2 Qh4+ 20. g3 Qxc4 0-1


[Site "https://www.chess.com"]

[Event "Titled Tuesday Blitz June 21 Late 2022"]
[White "Rama, Tejas"]
[Black "Sibilio, Mario"]
[WhiteFideId "30907381"]
[BlackFideId "800422"]
[WhiteElo "1430"]
[BlackElo "2296"]
[Result "0-1"]
[Round "09"]
[TimeControl "180+1"]
[Date "2022.06.22"]
[WhiteClock "0:00:03"]
[BlackClock "0:00:04"]

1. d4 Nf6 2. c4 e6 3. Nf3 c5 4. d5 exd5 5. cxd5 d6 6. Nc3 g6 7. e4 Bg7 8. Nd2 a6 9. a4 O-O 10. Be2 Re8 11. O-O Nbd7 12. Re1 Rb8 13. a5 b5 14. axb6 Rxb6 15. Nc4 Nxe4 16. Nxe4 Rxe4 17. Nxb6 Nxb6 18. Bxa6 Rd4 19. Qe2 Bd7 20. Bb7 Rb4 21. Bc6 h5 22. Ra7 Bf5 23. Qe8+ Qxe8 24. Rxe8+ Kh7 25. Rxf7 Rd4 26. h3 Rd1+ 27. Kh2 Rxc1 28. Ree7 Kh6 29. Rxg7 Kg5 30. g3 Rc2 31. Kg2 h4 32. g4 Bd3 33. Be8 Nxd5 34. Rd7 Nf4+ 35. Kf3 d5 36. Rd6 Be4+ 37. Ke3 Re2# 0-1


[Site "https://www.chess.com"]

[Event "Titled Tuesday Blitz June 21 Late 2022"]
[White "Reprintsev, Alexander"]
[Black "Guz, Ari"]
[WhiteFideId "14100541"]
[BlackFideId "2825759"]
[WhiteElo "2108"]
[BlackElo "1913"]
[Result "0-1"]
[Round "09"]
[TimeControl "180+1"]
[Date "2022.06.21"]
[WhiteClock "0:00:02"]
[BlackClock "0:00:30"]

1. e4 c5 2. b3 e5 3. Bb2 Nc6 4. f4 d6 5. Qf3 Nf6 6. Bb5 Bd7 7. Ne2 a6 8. Bxc6 Bxc6 9. d3 Qc7 10. c4 O-O-O 11. Nbc3 h5 12. h3 h4 13. O-O Be7 14. a3 Rdg8 15. Nd5 Bxd5 16. exd5 Kb8 17. b4 g5 18. fxe5 g4 19. exd6 Bxd6 20. Qxf6 gxh3 21. Nf4 hxg2 22. Rf3 h3 23. Kh2 Rh7 24. Re1 Rg4 25. bxc5 Bxf4+ 26. Rxf4 Rxf4 27. Re8+ Ka7 28. Qb6+ Qxb6 29. cxb6+ Kxb6 30. Be5 Rf1 31. Bd4+ Ka5 32. Rg8 Rh1+ 33. Kg3 g1=Q+ 0-1


[Site "https://www.chess.com"]

[Event "Titled Tuesday Blitz June 21 Late 2022"]
[White "Rios Escobar, Adan"]
[Black "Pinheiro, Iung Alicio de O."]
[WhiteFideId "3403645"]
[BlackFideId "2104350"]
[WhiteElo "2450"]
[BlackElo "2283"]
[Result "0-1"]
[Round "09"]
[TimeControl "180+1"]
[Date "2022.06.22"]
[WhiteClock "0:00:02"]
[BlackClock "0:00:11"]

1. d4 d5 2. Nf3 c6 3. c4 Nf6 4. Nc3 g6 5. g3 Bg7 6. Bg2 O-O 7. cxd5 cxd5 8. Qb3 Nc6 9. O-O b6 10. Ne5 Nxd4 11. Qa4 Ne6 12. Nc6 Qe8 13. Rd1 Nc5 14. Qh4 Qxc6 15. Nxd5 Nxd5 16. Bxd5 Qd7 17. Bf4 Bb7 18. Bxf7+ Rxf7 19. Rxd7 Nxd7 20. Rd1 Nc5 21. Bg5 Re8 22. Qc4 e6 23. Be3 Bd5 24. Qb5 Rc8 25. b4 Ne4 26. Rxd5 exd5 27. Qxd5 Nc3 28. Qd3 Re8 29. a3 Bf6 30. Qc4 Kg7 31. h4 Rd7 32. Qg4 Rde7 33. Kg2 Nd5 34. Bg5 Rxe2 35. Qd7+ R8e7 36. Qxd5 Bxg5 37. Qxg5 Rf7 38. Kh3 Rfxf2 39. h5 Rh2+ 40. Kg4 Rxh5 41. Qd8 Rhe5 42. Qd7+ Re7 43. Qd4+ Kf7 44. Qc4+ Kf8 45. Kh3 Ke8 46. Qc6+ Kf7 47. Qf3+ Kg7 48. Qc3+ R2e5 49. a4 g5 50. a5 bxa5 51. bxa5 h5 52. a6 Kg6 53. Qd3+ Re4 54. Qd6+ R4e6 55. Qd3+ Kh6 56. Qc3 Re2 57. Qh8+ Kg6 58. Qg8+ Rg7 59. Qc4 g4+ 60. Kh4 Rh2# 0-1


[Site "https://www.chess.com"]

[Event "Titled Tuesday Blitz June 21 Late 2022"]
[White "Rustemov, Alexander"]
[Black "Zhurbinsky, David"]
[WhiteFideId "4119002"]
[BlackFideId "2072904"]
[WhiteElo "2732"]
[BlackElo "2575"]
[Result "1-0"]
[Round "09"]
[TimeControl "180+1"]
[Date "2022.06.21"]
[WhiteClock "0:00:41"]
[BlackClock "0:00:06"]

1. d4 Nf6 2. c4 e6 3. Nf3 Bb4+ 4. Bd2 Qe7 5. g3 O-O 6. Bg2 d5 7. Qb3 Bxd2+ 8. Nbxd2 a6 9. O-O dxc4 10. Nxc4 b5 11. Na5 c5 12. Ne5 c4 13. Qc2 Nd5 14. b3 cxb3 15. axb3 Bb7 16. Nxb7 Qxb7 17. Rfc1 Nd7 18. Qc6 Qxc6 19. Nxc6 N7f6 20. e4 Nb6 21. Ra2 Kh8 22. Rca1 Rfc8 23. Ne5 Kg8 24. Rxa6 Rab8 25. Ra7 Rc3 26. Rxf7 Ng4 27. Raa7 Nxe5 28. dxe5 Rxb3 29. Rxg7+ Kf8 30. Rxh7 Kg8 31. Bh3 Re8 32. Rag7+ Kf8 33. Rb7 Nd7 34. Rbxd7 Kg8 35. Rdg7+ Kf8 36. Rb7 Kg8 37. Rh6 Rb1+ 38. Kg2 b4 39. Bxe6+ Rxe6 40. Rxe6 Kf8 41. Ra6 Ra1 42. Rxa1 b3 43. Ra8# 1-0


[Site "https://www.chess.com"]

[Event "Titled Tuesday Blitz June 21 Late 2022"]
[White "Rychkov, Roman"]
[Black "Roberson, Peter T"]
[WhiteFideId "30985595"]
[BlackFideId "412384"]
[WhiteElo "2320"]
[BlackElo "2346"]
[Result "1-0"]
[Round "09"]
[TimeControl "180+1"]
[Date "2022.06.22"]
[WhiteClock "0:00:23"]
[BlackClock "0:00:08"]

1. e4 e5 2. Nf3 Nc6 3. d4 exd4 4. Nxd4 Nf6 5. Nxc6 bxc6 6. e5 Qe7 7. Qe2 Nd5 8. c4 Ba6 9. b3 d6 10. g3 dxe5 11. Bg2 Qd6 12. O-O Be7 13. Rd1 Qf6 14. Qe4 Bb7 15. cxd5 cxd5 16. Qc2 c6 17. Bb2 Qe6 18. Re1 f6 19. f4 e4 20. Nd2 O-O 21. Nxe4 dxe4 22. Bxe4 Qd6 23. Bxh7+ Kh8 24. Rac1 c5 25. Bg6 f5 26. Bxf5 Rad8 27. Qe2 Rxf5 28. Qxe7 Qd5 29. Qxg7# 1-0


[Site "https://www.chess.com"]

[Event "Titled Tuesday Blitz June 21 Late 2022"]
[White "Sadilek, Peter"]
[Black "De La Colina, Nicolas"]
[WhiteFideId "1616439"]
[BlackFideId "30946921"]
[WhiteElo "2145"]
[BlackElo "2046"]
[Result "0-1"]
[Round "09"]
[TimeControl "180+1"]
[Date "2022.06.22"]
[WhiteClock "0:00:39"]
[BlackClock "0:00:12"]

1. d4 Nf6 2. Bg5 e6 3. e4 c5 4. d5 d6 5. Nc3 Be7 6. Bb5+ Bd7 7. dxe6 fxe6 8. e5 dxe5 9. Qe2 Nc6 10. O-O-O Qc7 11. Nf3 Nd4 12. Qc4 O-O-O 13. Bxd7+ Rxd7 14. Bxf6 gxf6 15. Nb5 Nxb5 16. Qxb5 Rhd8 17. Rxd7 Qxd7 18. Qc4 Qd5 19. Qa4 f5 20. c4 Qd3 21. Rd1 Qxd1+ 22. Qxd1 Rxd1+ 23. Kxd1 Bf6 24. b3 Kc7 25. h3 Kd6 26. g4 e4 27. Nd2 Ke5 28. Ke2 Bg5 29. Nb1 Kd4 30. Na3 a6 31. Nb1 f4 32. f3 e3 33. a4 h6 34. Na3 Kc3 35. a5 Kb2 36. Nb5 axb5 37. cxb5 Bd8 38. b6 Bxb6 39. axb6 Kxb3 0-1


[Site "https://www.chess.com"]

[Event "Titled Tuesday Blitz June 21 Late 2022"]
[White "Sanchez Alarcon, Juan"]
[Black "Gallegos Diaz, Carlos Alberto"]
[WhiteFideId "3401332"]
[BlackFideId "3900886"]
[WhiteElo "2164"]
[BlackElo "2362"]
[Result "0-1"]
[Round "09"]
[TimeControl "180+1"]
[Date "2022.06.22"]
[WhiteClock "0:00:44"]
[BlackClock "0:00:25"]

1. e4 d6 2. d4 Nf6 3. Nc3 c6 4. a4 Qa5 5. Bd3 e5 6. Ne2 Be7 7. O-O O-O 8. dxe5 dxe5 9. Bg5 Nbd7 10. Bc4 Re8 11. Ng3 Nc5 12. h3 Be6 13. Be2 Rad8 14. Qc1 Qb4 15. Qe3 Bc4 16. Nf5 Bxe2 17. Nxe7+ Rxe7 18. Bxf6 gxf6 19. Qxe2 Ne6 20. Rab1 Red7 21. Qg4+ Kf8 22. Qf5 Ke7 23. Qxh7 Rd2 24. Nd1 Ng5 25. Qf5 Qxe4 26. Qxe4 Nxe4 27. Rc1 R2d4 28. b3 Nd2 29. Re1 c5 30. Ne3 Ke6 31. g4 Nf3+ 32. Kh1 Nxe1 33. Rxe1 Rd2 34. Kg2 a6 35. Kf3 b5 36. axb5 axb5 37. h4 R8d4 38. Rf1 Rf4+ 39. Kg3 Re4 40. h5 c4 41. bxc4 bxc4 42. Nxc4 Rxc4 0-1


[Site "https://www.chess.com"]

[Event "Titled Tuesday Blitz June 21 Late 2022"]
[White "Sarana, Alexey"]
[Black "Shimanov, Aleksandr"]
[WhiteFideId "24133795"]
[BlackFideId "4198603"]
[WhiteElo "2666"]
[BlackElo "2605"]
[Result "1-0"]
[Round "09"]
[TimeControl "180+1"]
[Date "2022.06.21"]
[WhiteClock "0:00:20"]
[BlackClock "0:00:01"]

1. d4 Nf6 2. c4 e6 3. Nc3 d5 4. cxd5 Nxd5 5. e4 Nxc3 6. bxc3 c5 7. Rb1 Be7 8. Nf3 O-O 9. h4 b6 10. h5 h6 11. Rh3 Kh8 12. Rg3 Nc6 13. Bb5 Bb7 14. Be3 cxd4 15. cxd4 a6 16. Bxc6 Bxc6 17. Bxh6 Bf6 18. Qc2 Rc8 19. Bg5 Bxg5 20. Rxg5 f5 21. d5 Bxd5 22. Qb2 e5 23. exd5 Qxd5 24. Rd1 Qe4+ 25. Qe2 Qb4+ 26. Kf1 e4 27. Ne5 Rf6 28. Kg1 Re8 29. Ng6+ Kh7 30. Nf4 Rf7 31. Qe3 Qc5 32. Qxc5 bxc5 33. Rc1 Rc8 34. Rg3 Rb7 35. Rgc3 Rb2 36. Rxc5 Rxc5 37. Rxc5 Rxa2 38. Rc7 Kh6 39. g3 a5 40. Rc6+ Kh7 41. Rc5 a4 42. Rxf5 a3 43. Ra5 Kh6 44. g4 Kh7 45. g5 e3 46. fxe3 Ra1+ 47. Kg2 a2 48. Ra6 Kg8 49. Ra7 Kh8 50. g6 Rg1+ 51. Kxg1 a1=Q+ 52. Rxa1 Kg8 53. Ra8# 1-0


[Site "https://www.chess.com"]

[Event "Titled Tuesday Blitz June 21 Late 2022"]
[White "Sargsyan, Anna M."]
[Black "Semenenko, Dmytry"]
[WhiteFideId "13308130"]
[BlackFideId "14118645"]
[WhiteElo "2271"]
[BlackElo "2113"]
[Result "1-0"]
[Round "09"]
[TimeControl "180+1"]
[Date "2022.06.21"]
[WhiteClock "0:00:15"]
[BlackClock "0:01:14"]

1. d4 d5 2. c4 c6 3. Nf3 Nf6 4. Nc3 dxc4 5. a4 Bf5 6. Ne5 Nbd7 7. Nxc4 Qc7 8. g3 e5 9. dxe5 Nxe5 10. Bf4 Rd8 11. Qc1 Bd6 12. Nxd6+ Qxd6 13. Bg2 O-O 14. O-O a5 15. Qe3 Nfg4 16. Qb6 Qb4 17. Qxb4 axb4 18. Ne4 Nc4 19. b3 Na5 20. Nd6 Be6 21. Rab1 g5 22. Nxb7 Nxb7 23. Bc7 Rd7 24. Bb6 Bd5 25. e4 Be6 26. Rfc1 Rc8 27. a5 Nd6 28. h3 Ne5 29. a6 Nb5 30. f4 gxf4 31. gxf4 Nd3 32. Rd1 Nxf4 33. Rxd7 Bxd7 34. Bf1 Nc3 35. Ra1 Ra8 36. a7 Nb5 37. Rd1 Be6 38. Bxb5 Nd5 39. exd5 Bxd5 40. Rxd5 cxd5 41. Bc6 Rxa7 42. Bxa7 Kg7 43. Bd4+ 1-0


[Site "https://www.chess.com"]

[Event "Titled Tuesday Blitz June 21 Late 2022"]
[White "Sarkar, Justin"]
[Black "Omariev, Maksim"]
[WhiteFideId "2010011"]
[BlackFideId "4193423"]
[WhiteElo "2020"]
[BlackElo "2466"]
[Result "1-0"]
[Round "09"]
[TimeControl "180+1"]
[Date "2022.06.22"]
[WhiteClock "0:00:37"]
[BlackClock "0:00:10"]

1. d4 Nf6 2. c4 c5 3. d5 e6 4. Nc3 exd5 5. cxd5 d6 6. e4 g6 7. Nf3 Bg7 8. Bg5 h6 9. Bh4 O-O 10. Be2 Re8 11. Nd2 Na6 12. O-O Nc7 13. f3 a6 14. a4 b6 15. Nc4 Rb8 16. Rb1 b5 17. Na5 Bd7 18. Nc6 Bxc6 19. dxc6 Rb6 20. axb5 axb5 21. Nd5 b4 22. Nxb6 g5 23. Bg3 Bf8 24. Bc4 Ne6 25. Nd5 Nh5 26. Bf2 Bg7 27. g3 1-0


[Site "https://www.chess.com"]